 Dungeon Crawl Stone Soup version 0.31.0-11-ge490571c62 (webtiles) character file.

Game seed: 13587495993669362745

304 qw the Skirmisher (level 6, 0/35 HPs)
             Began as a Deep Elf Hunter on Feb 5, 2024.
             Slain by a goblin
             ... wielding a +0 club
             ... led by Robin
              (3 damage)
             ... on level 4 of the Dungeon.
             The game lasted 00:00:41 (2363 turns).

qw the Skirmisher (Deep Elf Hunter)                 Turns: 2363, Time: 00:00:41

Health: 0/35       AC:  4    Str: 16    XL:     6   Next: 15%
Magic:  8/8        EV: 13    Int: 14    God:
Gold:   147        SH:  0    Dex: 18    Spells: 5/5 levels left

rFire   . . .        a - +2 shortbow
rCold   . . .        (shield currently unavailable)
rNeg    . . .        c - +0 leather armour
rPois   .            (no helmet)
rElec   .            (no cloak)
rCorr   .            m - +0 pair of gloves
SInv    .            (no boots)
Will    .....        (no amulet)
Stlth   ++           b - +6 ring of strength
HPRegen 0.25/turn    (no ring)
MPRegen 0.11/turn

%: no passive effects
@: no status effects
A: no striking features
a: no special abilities


You were on level 4 of the Dungeon.
You visited 1 branch of the dungeon, and saw 4 of its levels.

You collected 147 gold pieces.


   Skills:
 + Level 1.8 Fighting
 - Level 9.0 Ranged Weapons
 - Level 4.0 Dodging
 - Level 1.2 Stealth


You had 5 spell levels left.
You didn't know any spells.
Your spell library was empty.

Inventory:

Hand Weapons
 a - a +2 shortbow (weapon)
Armour
 c - a +0 leather armour (worn)
 m - a +0 pair of gloves (worn)
Jewellery
 b - a +6 ring of strength (left hand)
Scrolls
 d - 2 scrolls of identify {unknown}
Potions
 e - a potion of berserk rage {unknown}
 f - a potion of degeneration {unknown}
 g - a potion of curing {unknown}
 h - a potion of magic {unknown}
 i - a potion of cancellation {unknown}
 j - a potion of brilliance {unknown}
 k - a potion of attraction {unknown}
 l - a potion of mutation {unknown}

Dungeon Overview and Level Annotations

Branches:
Dungeon (4/15)
 Temple: D:4-7

Altars:
Trog

Annotations:
D:4 1 transporter, Robin; qw's ghost, amateur SpHu


Message History

The goblin hits you with a +0 club. The goblin misses you.
A goblin comes into view. It is wielding a +0 dagger.
You shoot an arrow. The goblin shouts!
The arrow hits the hobgoblin but does no damage.
The hobgoblin is heavily wounded.
The goblin hits you with a +0 club. The hobgoblin hits you.
The goblin misses you.
You shoot an arrow. The arrow barely misses the hobgoblin.
The arrow completely misses the goblin.
The goblin completely misses you. The hobgoblin closely misses you.
The goblin hits you with a +0 club.
You shoot an arrow. The arrow hits the hobgoblin!
You kill the hobgoblin!
The goblin barely misses you. The goblin closely misses you.
The goblin unwields a +0 club.
The goblin wields a +0 sling.
The goblin shoots a sling bullet.
The sling bullet misses you.
The sling bullet hits the goblin.
The goblin dies!
You shoot an arrow. The arrow hits the hobgoblin!
You kill the hobgoblin!
The goblin no longer looks unusually strong. x2
The goblin hits you with a +0 club.
You shoot an arrow. The arrow completely misses the goblin.
The arrow hits the goblin.
You kill the goblin!
The goblin no longer looks unusually strong.
The goblin hits you with a +0 club. The goblin misses you.
Robin throws the goblin at you!
You shoot an arrow. The arrow hits the goblin.
You kill the goblin!
The goblin hits you but does no damage.
You shoot an arrow. The arrow barely misses the goblin.
The arrow hits the goblin.
The goblin is heavily wounded.
The goblin hits you but does no damage. The goblin hits you with a +0 club.
You shoot an arrow. The arrow completely misses the goblin.
The arrow barely misses the goblin.
The goblin hits you with a +0 club.
You die...

..........# #..........
..........# ##......#+
..........######......#
......................#
........................
...........####.^.####..
.........### ##### #.
.......g## ..555.. .
#######@# .###5..## #
#...gg)# # ..#...
#...gg). ..^..##
.........# .........#
......##.# .).... ..
..###. ..


You could see Robin and 4 goblins.

Vanquished Creatures
  Menkaure (D:4)
  A sky beast (D:4)
  4 adders
  A ribbon worm (D:2)
  2 bats
  7 endoplasms
  3 giant cockroaches
  15 goblins
  8 hobgoblins
  7 jackals (D:1)
  2 quokkas (D:1)
  4 ball pythons
  2 frilled lizards
  7 kobolds
  2 rats (D:1)
66 creatures vanquished.

Vanquished Creatures (others)
  A goblin (D:4)
1 creature vanquished.

Grand Total: 67 creatures vanquished

Notes
Turn   | Place    | Note
-------+----------+-------------------------------------------
     0 | D:1      | qw the Deep Elf Hunter began the quest for the Orb.
     0 | D:1      | Reached XP level 1. HP: 12/12 MP: 3/3
     0 | D:1      | 0 ||| qw: Version: 0.3-a-160-g6735b56
     0 | D:1      | 0 ||| qw: Game counter: 6197
     0 | D:1      | 0 ||| qw: Melee chars always use a shield: true
     0 | D:1      | 0 ||| qw: God list: Okawaru
     0 | D:1      | 0 ||| qw: Allow faded altars: false
     0 | D:1      | 0 ||| qw: Do Orc after clearing Dungeon:15 true
     0 | D:1      | 0 ||| qw: Do second Lair branch before Depths: true
     0 | D:1      | 0 ||| qw: Lair rune preference: random
     0 | D:1      | 0 ||| qw: Goals: Normal
     0 | D:1      | 0 ||| PLANNING D:1-11
   160 | D:1      | Reached XP level 2. HP: 16/16 MP: 4/4
   214 | D:1      | Reached skill level 6 in Ranged Weapons
   542 | D:1      | Reached XP level 3. HP: 20/20 MP: 5/5
   690 | D:1      | 690 ||| READING scroll labelled KUDEIP IXTUSA.
   690 | D:1      | 690 ||| ENCHANTING +0 shortbow.
   691 | D:1      | 691 ||| READING scroll labelled ATULUR VIMEFF.
   696 | D:1      | 696 ||| READING scroll labelled BOETHR VEDUYJA.
   697 | D:1      | 697 ||| DROPPING scroll of butterflies.
   804 | D:2      | Reached skill level 7 in Ranged Weapons
   969 | D:2      | Found a faded altar of an unknown god.
  1392 | D:2      | 1392 ||| READING scroll labelled ILETAS SEDEO.
  1493 | D:2      | 1493 ||| READING scroll labelled JIAHEM FYCEIL.
  1530 | D:2      | 1530 ||| READING scroll labelled LAPEUF UCSEOPP.
  1567 | D:3      | Reached XP level 4. HP: 25/25 MP: 6/6
  1670 | D:3      | Found a bloodstained altar of Trog.
  1728 | D:3      | 1728 ||| READING scroll of enchant weapon.
  1728 | D:3      | 1728 ||| ENCHANTING +1 shortbow.
  1983 | D:3      | Identified the +7 dagger of Dung {speed, rF+++ rC+ Will+
                  | Str-3}
  2070 | D:3      | 2070 ||| UPGRADING to +0 pair of gloves.
  2075 | D:3      | 2075 ||| UPGRADING to +6 ring of strength.
  2076 | D:3      | 2076 ||| READING scroll labelled KIECOENAAHI.
  2098 | D:4      | Found a transporter.
  2099 | D:4      | 2099 ||| PLANNING SEWER
  2101 | D:4      | Noticed Menkaure
  2107 | D:4      | HP: 6/25 [??? (3)]
  2108 | D:4      | Killed Menkaure
  2109 | D:4      | Reached skill level 9 in Ranged Weapons
  2109 | D:4      | Reached XP level 5. HP: 7/29 MP: 7/7
  2209 | D:4      | Noticed qw's ghost (amateur SpHu)
  2222 | D:4      | Noticed a sky beast
  2235 | D:4      | HP: 7/29 [sky beast (5)]
  2238 | D:4      | Killed a sky beast
  2239 | D:4      | Reached XP level 6. HP: 9/34 MP: 8/8
  2345 | D:4      | Noticed Robin
  2360 | D:4      | HP: 7/35 [goblin/+0 club[Robin] (3)]
  2362 | D:4      | HP: 3/35 [goblin/+0 club[Robin] (2)]
  2363 | D:4      | Slain by a goblin

Levels and vault maps discovered:
D:1:      onia_arrival_mini_spirals, layout_basic
D:2:      layout_loops_ring, ebering_ecumenical_altar_hall,
          kennysheep_small_spiral, dreamdust_princess_bridge
D:3:      layout_loops_cross, lightli_temple_of_fire
D:4:      layout_basic, chequers_temple_overflow_statue_of_worship,
          temple_fountains, gammafunk_ghost_stat_death, portal_sewer_entry_e,
          minmay_misc_feat_encased, st_stairs_5, uniq_menkaure,
          uniq_blork_the_orc, uniq_robin

Skill      XL: |  1  2  3  4  5 |
---------------+----------------+-----
Ranged Weapons | 6 7 9 |  9.0
Dodging        | 4 |  4.0
Fighting       | |  1.8
Stealth        | |  1.2

Action                     |  1- 3 |  4- 6 || total
---------------------------+-------+-------++-------
   Fire: Shortbow          |   121 |    69 ||   190
    Use: Scroll            |     6 |     2 ||     8
 Armour: Leather armour    |    33 |    23 ||    56
  Dodge: Dodged            |    32 |    20 ||    52

Table legend:
 A = Non-vault XP
 B = Vault XP
 C = Vault XP percentage of total XP
 D = Non-vault monster count
 E = Vault monster count
 F = Vault count percentage of total count
                 A         B        C        D         E       F
            +---------+---------+-------+---------+---------+-------
      Total |     264 |     171 |  39.3 |      58 |       8 |  12.1
            +---------+---------+-------+---------+---------+-------
        D:1 |      54 |       0 |   0.0 |      30 |       0 |   0.0
        D:2 |      35 |       0 |   0.0 |      13 |       0 |   0.0
        D:3 |      42 |       0 |   0.0 |      11 |       0 |   0.0
        D:4 |     133 |     171 |  56.2 |       4 |       8 |  66.7
            +---------+---------+-------+---------+---------+-------
